 Dungeon Crawl Stone Soup version 0.30-a0-118-ga018f8e90f (webtiles) character file.

Game seed: 17885063357706965919

596 Newt the Cutter (level 7, 0/54 HPs)
             Began as a Demonspawn Gladiator on Sept 13, 2022.
             Killed from afar by Dowan (3 damage)
             ... with a puff of flame
             ... on level 4 of the Dungeon.
             The game lasted 00:04:07 (3883 turns).

Newt the Cutter (Demonspawn Gladiator)              Turns: 3883, Time: 00:04:07

Health: 0/54       AC:  8    Str: 14    XL:     7   Next: 17%
Magic:  7/7        EV: 13    Int:  9    God:
Gold:   143        SH:  0    Dex: 21    Spells: 6/6 levels left

rFire   . . .      SeeInvis .    a - +0 rapier
rCold   + . .      Faith    .    (no shield)
rNeg    . . .      Spirit   .    l - +3 leather armour {rC+}
rPois   .          Reflect  .    c - +0 helmet
rElec   .          Harm     .    i - +0 cloak
rCorr   .          Rampage  .    (no gloves)
Will    .....                    (no boots)
Stlth   ++++......               m - amulet of regeneration
HPRegen 0.98/turn                (no ring)
MPRegen 0.10/turn                (no ring)

@: no status effects
A: thin skeletal structure 2, ignite blood 1
a: no special abilities


You were on level 4 of the Dungeon.
You visited 1 branch of the dungeon, and saw 5 of its levels.

You collected 200 gold pieces.
You spent 57 gold pieces at shops.

Inventory:

Hand Weapons
 a - a +0 rapier (weapon)
Missiles
 d - a throwing net (quivered)
 e - 6 javelins
Armour
 b - a +0 leather armour
 c - a +0 helmet (worn)
 i - a +0 cloak (worn)
 l - a +3 leather armour of cold resistance (worn)
Jewellery
 m - an amulet of regeneration (around neck)
Wands
 k - a wand of digging (4)
Scrolls
 g - a scroll of poison {unknown}
 j - a scroll of blinking
Potions
 f - a potion of degeneration
 h - a potion of attraction
 o - 2 potions of curing


   Skills:
 - Level 4.0 Fighting
 - Level 6.0 Short Blades
 - Level 1.7 Throwing
 + Level 3.0 Dodging
 - Level 3.0 Stealth


You had 6 spell levels left.
You didn't know any spells.
Your spell library contained the following spells:

 Spells                   Type           Power      Damage    Failure   Level
 Apportation              Tloc           0%         N/A       45%         1
 Cigotuvi's Dreadful Rot  Necr/Pois/Air  0%         N/A       61%         2
 Poisonous Vapours        Pois/Air       0%         N/A       61%         2
 Alistair's Intoxication  Tmut/Pois      0%         N/A       100%        5


Dungeon Overview and Level Annotations

Branches:
Dungeon (5/15)
 Temple: D:4-7

Altars:
Ashenzari

Shops:
D:4 *

Annotations:
D:4 Dowan


Innate Abilities, Weirdness & Mutations

You have a moderately thin skeletal structure. (Dex +4, Stealth++)
Your demonic aura sometimes causes spilled blood to erupt in flames.


Message History

Unknown command.
You hit Duvessa but do no damage.
Duvessa is heavily wounded.
Duvessa hits you with a +0 short sword. Dowan barely misses you.
Unknown command.
You hit Duvessa.
Duvessa is severely wounded.
Dowan zaps a wand.
The puff of flame hits you.
Duvessa is engulfed in blazing flames.
Duvessa barely misses you.
Unknown command.
You hit Dowan but do no damage.
Dowan is almost dead.
Dowan zaps a wand.
The puff of flame misses you.
Duvessa is engulfed in blazing flames.
You kill Duvessa!
Dowan screams, "No!
Oh no!"
Dowan seems to find hidden reserves of power!
Training target 6.0 for Short Blades reached!
Your Short Blades skill increases to level 6!
You need to enable at least one skill for training.
Your Dodging skill increases to level 3!
You have reached level 7!
You closely miss Dowan. Your punch misses Dowan.
Dowan is almost dead.
Dowan gestures at you while chanting. The shard of ice hits you!
You partially resist.
You closely miss Dowan.
Dowan is almost dead.
Dowan points at you and mumbles some strange words.
The shard of ice hits you!! You partially resist.
* * * LOW HITPOINT WARNING * * *
Throw: 2 throwing nets
Press: ? - help, Q - select action, (/) - cycle Shift-Dir - straight line, f - Dowan
Aim: Dowan, wielding a +0 dagger, wearing a +1 robe of positive energy and carrying a wand of flame (20) (almost dead, fast, 54% to hit)
You throw a throwing net. The throwing net barely misses Dowan.
Dowan says, "Her death will not be in vain!"
Dowan hits you with a +0 dagger.
* * * LOW HITPOINT WARNING * * *
Dowan zaps a wand.
The puff of flame hits you.
You die...

~#..#######.#.............####...
~#..........)..........#######...
~#..#.#................<[[...)..)
~#.[..#................#######...
~###..#................# #... ##
#.....#####.........# ####
####..#### #.........# ##).....##
#......)..# #
.....##..#####..@.....## #
....###........e)####.# # ...##
#.......>..# #.# #
...####..........####.###########
.<....)..........................
##.####..∩.......####.#.......###
≈#.# #.........#######.####### #
≈#.# #..(......#.~## #.# # ≈#.#
#########.#..~###.# #


You could see Dowan (fast).

Vanquished Creatures
  Duvessa (D:4)
  An ogre (D:4)
  2 phantoms (D:4)
  A hound (D:4)
  2 orc priests
  Ijyb (D:3)
  An orc wizard (D:4)
  6 adders
  A shadow imp (D:4)
  A dart slug (D:4)
  2 orcs (D:4)
  3 bats
  9 endoplasms
  2 giant cockroaches
  9 goblins
  8 hobgoblins
  3 quokkas
  3 ball pythons
  5 frilled lizards
  4 kobolds
  2 rats (D:1)
67 creatures vanquished.

Vanquished Creatures (others)
  20 fungi (D:4)
20 creatures vanquished.

Grand Total: 87 creatures vanquished

Notes
Turn   | Place    | Note
-------+----------+-------------------------------------------
     0 | D:1      | Newt the Demonspawn Gladiator began the quest for the Orb.
     0 | D:1      | Reached XP level 1. HP: 16/16 MP: 1/1
    28 | D:1      | Found a faded altar of an unknown god.
   115 | D:1      | Reached skill level 1 in Stealth
   230 | D:1      | Gained mutation: You have a somewhat thin skeletal
                  | structure. (Dex +2, Stealth+) [demonic ancestry]
   230 | D:1      | Reached XP level 2. HP: 16/22 MP: 2/2
   953 | D:1      | Gained mutation: You have a moderately thin skeletal
                  | structure. (Dex +4, Stealth++) [demonic ancestry]
   953 | D:1      | Reached XP level 3. HP: 23/27 MP: 3/3
  1885 | D:3      | Reached XP level 4. HP: 35/35 MP: 4/4
  1939 | D:3      | Found a broken altar of Ashenzari.
  1956 | D:3      | Noticed Ijyb
  1989 | D:3      | Killed Ijyb
  2847 | D:4      | Found Jaekuu's Assorted Antiques.
  2865 | D:4      | Bought a scroll labelled IMETSE GEKA for 19 gold pieces
  2865 | D:4      | Bought a scroll of identify for 38 gold pieces
  2870 | D:4      | Noticed an ogre
  2883 | D:4      | Killed an ogre
  2884 | D:4      | Reached skill level 3 in Short Blades
  2884 | D:4      | Gained mutation: Your demonic aura sometimes causes spilled
                  | blood to erupt in flames. [demonic ancestry]
  2884 | D:4      | Reached XP level 5. HP: 26/42 MP: 5/5
  2892 | D:4      | Noticed a phantom
  2915 | D:4      | Killed a phantom
  2916 | D:4      | Reached skill level 4 in Short Blades
  2916 | D:4      | Reached XP level 6. HP: 48/48 MP: 6/6
  3284 | D:4      | Reached skill level 5 in Short Blades
  3841 | D:5      | Entered Level 5 of the Dungeon
  3841 | D:5      | Noticed Duvessa
  3841 | D:5      | Noticed Dowan
  3880 | D:4      | Killed Duvessa
  3881 | D:4      | Reached skill level 6 in Short Blades
  3881 | D:4      | Reached XP level 7. HP: 27/54 MP: 7/7
  3883 | D:4      | Killed from afar by Dowan

Illustrated notes

Levels and vault maps discovered:
D:1:      sevenhm_arrival_forest_fort_small_4, layout_loops_ring,
          ebering_ecumenical_altar_webs, minmay_misc_feat_diagonals, st_stairs_5
D:2:      layout_basic
D:3:      layout_basic, nicolae_overflow_crystal_walls,
          nicolae_tso_swordbearing_angel, saegor_snake_ambush, uniq_ijyb
D:4:      layout_rooms, serial_aquarium, aquarium_bridge_island_small
          [aquarium_subvault_small_open, aquarium_subvault_wall,
          aquarium_subvault_balcony, aquarium_subvault_bridge,
          aquarium_subvault_bridge], aquarium_window_corner, aquarium_window_3,
          aquarium_window_corner, aquarium_view_2d, aquarium_balcony_double_3,
          aquarium_pool_2, serial_shops, shop, kennysheep_generic_room_5
D:5:      layout_rooms, mainiacjoe_overflow_surrounded_room, serial_shops,
          nicolae_shop_bloodbath_and_beyond, uniq_duvessa

Skill      XL: |  1  2  3  4  5  6 |
---------------+-------------------+-----
Stealth        | 1 2 3 |  3.0
Fighting       | 3 4 |  4.0
Short Blades   | 3 4 6 |  6.0
Dodging        | 3 |  3.0
Throwing       | |  1.7

Action                   |  1- 3 |  4- 6 |  7- 9 || total
-------------------------+-------+-------+-------++-------
Melee: Rapier            |   105 |   184 |     2 ||   291
       Punch             |       |     2 |       ||     2
Throw: Throwing net      |       |     5 |     1 ||     6
       Javelin           |       |     2 |       ||     2
  Use: Scroll            |     2 |     4 |       ||     6
       Potion            |       |     2 |       ||     2
 Stab: Sleeping          |    11 |     9 |       ||    20
       Held in net/web   |       |     4 |       ||     4
Armor: Leather armour    |    27 |    49 |       ||    76
Dodge: Dodged            |    57 |   108 |       ||   165

Table legend: (Time is in decaauts)
 A = Elapsed time spent in this place.
 B = Non-inter-level travel time spent in this place.
 C = Inter-level travel time spent in this place.
 D = Time resting spent in this place.
 E = Time spent auto-exploring this place.
 F = Levels seen in this place.
 G = Mean time per level.
                   A        B        C        D        E       F      G
               +--------+--------+--------+--------+--------+-----+--------+
         Total |   3916 |   3806 |    110 |   1097 |   2070 |   5 |  783.2 |
       Dungeon |   3916 |   3806 |    110 |   1097 |   2070 |   5 |  783.2 |
               +--------+--------+--------+--------+--------+-----+--------+

Top non-repeatable levels by time:
     D:3: 1532 daAuts
     D:1: 1283 daAuts
     D:4: 759 daAuts
     D:2: 329 daAuts
     D:5: 10 daAuts
